 Dungeon Crawl Stone Soup version 0.25-a0-55-g0753fd1ad2 (webtiles) character file.

Game seed: 11783764797639411353, levelgen mode: deterministic

599 Ruokin the Cudgeler (level 7, 0/55 HPs)
             Began as a Human Fighter on Oct 25, 2019.
             Was a Follower of the Shining One.
             Slain by a wight
             ... wielding a cursed +3 flail of freezing
              (2 damage)
             ... on level 6 of the Dungeon.
             The game lasted 00:20:29 (5189 turns).

Ruokin the Cudgeler (Human Fighter)                 Turns: 5189, Time: 00:20:30

Health: 0/55       AC:  6    Str: 19    XL:     7   Next: 68%
Magic:  7/7        EV:  9    Int: 11    God:    the Shining One [*.....]
Gold:   103        SH: 10    Dex: 12    Spells: 6/6 levels left

rFire    + . .     SeeInvis .   a - +0 flail
rCold    . . .     Gourm    .   c - +1 shield
rNeg     + + .     Faith    +   h - +1 ring mail "Pounly" {rC+ rN+ Int+3}
rPois    .         Spirit   .   (no helmet)
rElec    .         Reflect  .   (no cloak)
rCorr    .         Harm     .   (no gloves)
MR       .....     Rnd*Rage +   (no boots)
Stlth    +.........             o - amulet of faith
HPRegen  0.18/turn              g - ring of fire
MPRegen  0.10/turn              k - ring of positive energy

@: flying, glowing, lightly drained
A: berserk 2, MP-powered wands
a: Renounce Religion


You were on level 6 of the Dungeon.
You worshipped the Shining One.
The Shining One was aware of your devotion.
You were not hungry.

You visited 1 branch of the dungeon, and saw 6 of its levels.

You collected 319 gold pieces.
You spent 216 gold pieces at shops.

Inventory:

Hand Weapons
 a - a +0 flail (weapon)
Armour
 b - a +0 scale mail
 c - a +1 shield (worn)
 h - the +1 ring mail "Pounly" (worn) {rC+ rN+ Int+3}
   (You bought it in a shop on level 5 of the Dungeon)

   It affects your intelligence (+3).
   It protects you from cold.
   It protects you from negative energy.
Jewellery
 g - a ring of fire (left hand)
 k - a ring of positive energy (right hand)
 o - an amulet of faith (around neck)
Scrolls
 d - 2 scrolls of fog {unknown}
 e - 7 scrolls of identify
 i - a scroll of enchant armour
 j - 2 scrolls of remove curse
 l - a scroll of enchant weapon {unknown}
 n - 3 scrolls of amnesia
 q - a scroll of magic mapping
Potions
 m - a potion of flight
 p - a potion of degeneration {unknown}
 r - a potion of heal wounds {unknown}
Comestibles
 f - 7 rations


   Skills:
 * Level 4.3(4.1) Fighting
 * Level 5.5(5.4) Maces & Flails
 + Level 4.2(4.0) Armour
 + Level 1.5(1.3) Dodging
 + Level 4.2(4.0) Shields


You had 6 spell levels left.
You didn't know any spells.
Your spell library was empty.

Dungeon Overview and Level Annotations

Branches:
Dungeon (6/15)
 Temple: D:4-7

Altars:
Ashenzari
Kikubaaqudgha
Qazlal
Ru
The Shining One

Shops:
D:5 [


Innate Abilities, Weirdness & Mutations

You often lose your temper in combat.
You expend magic power (3 MP) to strengthen your wands.


Message History

You feel very buoyant.
You fly up into the air. 2 orcs and an orc warrior come into view.
The orc warrior shouts!
The orc shouts! x2
The wight hits you with a cursed +3 flail of freezing!
* * * LOW HITPOINT WARNING * * *
The wight freezes you.
* * * LOW HITPOINT WARNING * * *
The orc closely misses you.
As you read the scroll of immolation, it crumbles to dust.
The creatures around you are filled with an inner flame!
You hit the wight.
The wight is heavily damaged.
You block the wight's attack.
You hit the wight.
The wight is severely damaged.
The wight hits you with a cursed +3 flail of freezing.
* * * LOW HITPOINT WARNING * * *
The wight freezes you.
You die...

###########
#.....zzz@#
#######.#######o#
........# #o#
...####.# #o#
###...# ...
#.....###.###.#
#.....#.........#
#.....#####.#####
###?..


You could see an orc warrior (inner flame), 3 wights and 2 orcs.

Vanquished Creatures
  An ogre (D:4)
  A scorpion (D:4)
  A howler monkey (D:5)
  2 orc priests (D:5)
  A centaur skeleton (D:5)
  3 orc wizards
  2 worker ants (D:5)
  4 adders
  9 river rats (D:5)
  An ooze (D:3)
  An adder skeleton (D:4)
  2 worms
  A dart slug (D:1)
  A leopard gecko (D:5)
  11 orcs
  4 giant cockroaches
  2 goblins (D:2)
  3 hobgoblins (D:2)
  9 jackals (D:4)
  A kobold (D:1)
  9 quokkas
  5 bats
  2 frilled lizards
  A leopard gecko skeleton (D:5)
  12 rats
89 creatures vanquished.

Notes
Turn   | Place    | Note
-------+----------+-------------------------------------------
     0 | D:1      | Ruokin the Human Fighter began the quest for the Orb.
     0 | D:1      | Reached XP level 1. HP: 18/18 MP: 1/1
    31 | D:1      | Found a shattered altar of Ashenzari.
   845 | D:2      | Reached XP level 2. HP: 2/24 MP: 2/2
   846 | D:2      | Gained mutation: You tend to lose your temper in combat.
                  | [potion of mutation]
   846 | D:2      | Gained mutation: You often lose your temper in combat.
                  | [potion of mutation]
   846 | D:2      | Gained mutation: You expend magic power (3 MP) to
                  | strengthen your wands. [potion of mutation]
   846 | D:2      | HP: 1/24 [poisoned by an adder]
  1102 | D:2      | Found a stormy altar of Qazlal.
  1178 | D:2      | Reached XP level 3. HP: 26/29 MP: 3/3
  2166 | D:3      | Reached XP level 4. HP: 35/35 MP: 4/4
  2570 | D:3      | You fall into a shaft and drop 1 floor!
  2744 | D:4      | Reached skill level 3 in Maces & Flails
  2744 | D:4      | Reached XP level 5. HP: 37/41 MP: 5/5
  3134 | D:4      | Reached XP level 6. HP: 48/48 MP: 6/6
  3169 | D:4      | Found a glowing golden altar of the Shining One.
  3171 | D:4      | Found an ancient bone altar of Kikubaaqudgha.
  3183 | D:4      | Became a worshipper of the Shining One
  3424 | D:4      | Noticed an ogre
  3427 | D:4      | HP: 2/48 [ogre/+0 giant club (27)]
  3519 | D:4      | Killed an ogre
  3519 | D:4      | Reached skill level 4 in Maces & Flails
  3519 | D:4      | Reached skill level 1 in Dodging
  3989 | D:4      | Found a sacrificial altar of Ru.
  4032 | D:5      | Entered Level 5 of the Dungeon
  4241 | D:5      | Reached XP level 7. HP: 47/54 MP: 7/7
  4259 | D:5      | Reached skill level 5 in Maces & Flails
  4968 | D:5      | Reached * piety under the Shining One
  4991 | D:5      | Found Ozexag's Antique Armour Boutique.
  4996 | D:5      | Bought a shimmering ring mail for 216 gold pieces
  5006 | D:5      | Identified the cursed +1 ring mail "Pounly" {rC+ rN+ Int+3}
                  | (You bought it in a shop on level 5 of the Dungeon)
  5189 | D:6      | HP: 2/55 [wight/cursed +3 flail of freezing (6)]
  5189 | D:6      | Slain by a wight

Levels and vault maps discovered:
D:1:      matt_arrival_diagonals, layout_basic, ashenzari_altar_1
D:2:      layout_basic, nicolae_qazlal_eye_of_the_storm, minmay_pentomino_t4
D:3:      layout_loops_corners
D:4:      layout_basic, kennysheep_mini_moat,
          chequers_temple_overflow_statue_of_worship
D:5:      lemuel_ratsnest, layout_basic, serial_shops, kennysheep_little_box,
          first_ration
D:6:      layout_loops_corners, lemuel_coloured_pillars_altar,
          minmay_temple_entry_proselytizer, serial_shops, nicolae_shop_crystal,
          serial_park_tiny_2, minmay_misc_feat_x, minmay_small_thing

Table legend:
 A = Non-vault XP
 B = Vault XP
 C = Vault XP percentage of total XP
 D = Non-vault monster count
 E = Vault monster count
 F = Vault count percentage of total count
                 A         B        C        D         E       F
            +---------+---------+-------+---------+---------+-------
      Total |     619 |     238 |  27.8 |      57 |      32 |  36.0
            +---------+---------+-------+---------+---------+-------
        D:1 |       7 |       0 |   0.0 |       3 |       0 |   0.0
        D:2 |      41 |       9 |  18.0 |      11 |       3 |  21.4
        D:3 |      40 |       0 |   0.0 |       9 |       0 |   0.0
        D:4 |     311 |       0 |   0.0 |      24 |       0 |   0.0
        D:5 |     220 |     229 |  51.0 |      10 |      29 |  74.4
            +---------+---------+-------+---------+---------+-------
